 Dungeon Crawl Stone Soup version 0.28.0 (webtiles) character file.

Game seed: 10257974401557536297

5966 robertstho the Magician (level 10, -11/76 HPs)
             Began as a Gnoll Earth Elementalist on Feb 11, 2022.
             Was a Believer of Vehumet.
             Mangled by a catoblepas (22 damage)
             ... on level 13 of the Dungeon.
             The game lasted 00:18:43 (12589 turns).

robertstho the Magician (Gnoll Earth Elementalist) Turns: 12589, Time: 00:18:44

Health: -11/76     AC: 11    Str:  7    XL:     10   Next: 84%
Magic:  0/21       EV: 14    Int: 19    God:    Vehumet [**....]
Gold:   429        SH:  0    Dex: 13    Spells: 9/24 levels left

rFire   . . .      SeeInvis +   I - +1 short sword (elec)
rCold   + . .      Faith    .   (no shield)
rNeg    . . .      Spirit   .   t - +0 leather armour {rC+}
rPois   .          Reflect  .   d - +0 helmet
rElec   .          Harm     .   m - +0 cloak
rCorr   .          Rampage  .   J - +0 pair of gloves
Will    .....                   (no boots)
Stlth   +++.......              j - amulet of the acrobat
HPRegen 0.22/turn               k - ring of see invisible
MPRegen 0.17/turn               z - +4 ring of protection

@: no status effects
A: fangs 1, strong nose, distributed training
a: Renounce Religion


You were on level 13 of the Dungeon.
You worshipped Vehumet.
Vehumet was pleased with you.
You visited 2 branches of the dungeon, and saw 12 of its levels.

You collected 429 gold pieces.

Inventory:

Hand Weapons
 s - a +1 dagger of holy wrath
 v - a +0 dagger of venom
 I - a +1 short sword of electrocution (weapon)
Missiles
 c - 228 stones
 H - a throwing net
Armour
 d - a +0 helmet (worn)
 m - a +0 cloak (worn)
 t - a +0 leather armour of cold resistance (worn)
 J - a +0 pair of gloves (worn)
Jewellery
 i - an amulet of magic regeneration
 j - an amulet of the acrobat (around neck)
 k - a ring of see invisible (left hand)
 z - a +4 ring of protection (right hand)
 L - a ring of flight
Wands
 u - a wand of digging (9)
 y - a wand of mindburst (10)
 A - a wand of flame (50)
 C - a wand of paralysis (6)
 D - a wand of polymorph (2)
 K - a wand of iceblast (6)
Scrolls
 a - 2 scrolls of enchant weapon
 g - 4 scrolls of teleportation
 n - a scroll of immolation
 p - 2 scrolls of holy word {unknown}
 r - 2 scrolls of vulnerability {unknown}
 w - a scroll of acquirement {unknown}
 x - 2 scrolls of blinking {unknown}
 B - 4 scrolls of brand weapon {unknown}
 F - a scroll of magic mapping {unknown}
 G - a scroll of silence {unknown}
Potions
 e - 5 potions of curing
 f - a potion of lignification {unknown}
 h - 2 potions of resistance {unknown}
 l - a potion of berserk rage {unknown}
 o - 2 potions of brilliance {unknown}
 q - a potion of might {unknown}
 E - 4 potions of cancellation {unknown}
 M - a potion of attraction {unknown}


   Skills:
 + Level 5.6 Fighting
 + Level 5.6 Short Blades
 + Level 5.6 Long Blades
 + Level 5.6 Axes
 + Level 5.6 Maces & Flails
 + Level 5.6 Polearms
 + Level 5.6 Staves
 + Level 5.6 Slings
 + Level 5.6 Bows
 + Level 5.6 Crossbows
 + Level 5.6 Throwing
 + Level 5.6 Armour
 + Level 7.3 Dodging
 + Level 7.1 Stealth
 + Level 5.6 Shields
 + Level 5.6 Unarmed Combat
 + Level 7.6 Spellcasting
 + Level 4.6 Conjurations
 + Level 4.6 Hexes
 + Level 4.6 Summonings
 + Level 4.6 Necromancy
 + Level 4.6 Translocations
 + Level 5.2 Transmutations
 + Level 4.6 Fire Magic
 + Level 4.6 Ice Magic
 + Level 4.6 Air Magic
 + Level 7.3 Earth Magic
 + Level 4.6 Poison Magic
 + Level 6.2 Invocations
 + Level 5.6 Evocations


You had 9 spell levels left.
You knew the following spells:

 Your Spells              Type           Power      Damage    Failure   Level
a - Sandblast             Erth           70%        2d15      1%          1
b - Passwall              Tmut/Erth      25%        N/A       1%          2
c - Stone Arrow           Conj/Erth      60%        3d10      3%          3
d - Petrify               Tmut/Erth      31%        N/A       10%         4
e - Blink                 Tloc           50%        N/A       3%          2
f - Swiftness             Air            25%        N/A       6%          3

Your spell library contained the following spells:

 Spells                   Type           Power      Damage    Failure   Level
 Shock                    Conj/Air       100%       1d9       1%          1
 Animate Skeleton         Necr           50%        N/A       1%          1
 Magic Dart               Conj           100%       1d8       1%          1
 Pain                     Necr           100%       1d9       1%          1
 Sting                    Tmut/Pois      100%       1d8       1%          1
 Ensorcelled Hibernation  Hex/Ice        50%        N/A       3%          2
 Poisonous Vapours        Pois/Air       50%        N/A       3%          2
 Scorch                   Fire           50%        2d8       3%          2
 Searing Ray              Conj           50%        2d6       3%          2
 Lesser Beckoning         Tloc           25%        N/A       6%          3
 Portal Projectile        Hex/Tloc       50%        N/A       6%          3
 Vampiric Draining        Necr           25%        2d7       6%          3
 Flame Wave               Conj/Fire      25%        2d7       19%         4
 Fulminant Prism          Conj/Hex       12%        3d9       19%         4
 Olgreb's Toxic Radiance  Pois           25%        N/A       19%         4
 Blade Hands              Tmut           13%        N/A       41%         5
 Excruciating Wounds      Necr           12%        N/A       47%         5
 Manifold Assault         Tloc           25%        N/A       47%         5
 Metabolic Englaciation   Hex/Ice        12%        N/A       47%         5
 Statue Form              Tmut/Erth      20%        N/A       83%         6
 Summon Cactus Giant      Summ           12%        N/A       96%         6


Dungeon Overview and Level Annotations

Branches:
Dungeon (10/15)            Temple (1/1) D:4
   Lair: D:8-11         Orc: D:9-12

Altars:
Ashenzari
Dithmenos
Elyvilon
Fedhas
Gozag
Hepliaklqana
Kikubaaqudgha
Makhleb
Nemelex Xobeh
Okawaru
Qazlal
Ru
Sif Muna
Trog
Uskayaw
Vehumet
Wu Jian
Xom
Yredelemnul
Zin
The Shining One

Shops:
D:8 [

Annotations:
D:7 2 runed translucent doors, BigPumpCobain's ghost, novice SpEn


Innate Abilities, Weirdness & Mutations

You have very sharp teeth.
Your uncanny sense of smell can sniff out nearby items.
Your experience applies equally to all skills.


Message History

Casting: Stone Arrow (dangerous; 3% risk of failure)
Confirm with . or Enter, or press ? or * to list all spells.
Aiming: Stone Arrow (dangerous; 3% risk of failure)
Press: ? - help, Shift-Dir - straight line, f/p - catoblepas
Aim: a catoblepas (moderately wounded, 100% to hit)
The stone arrow hits the catoblepas.
The catoblepas is moderately wounded.
The catoblepas gores you!
Unknown command.
Aiming: Sandblast (safe; 1% risk of failure)
Press: ? - help, Q - select action, (/) - cycle Shift-Dir - straight line, f/p - catoblepas
Aim: a catoblepas (moderately wounded, 100% to hit)
The blast of sand hits the catoblepas but does no damage.
The catoblepas is moderately wounded.
The catoblepas completely misses you.
You hit the catoblepas.
The catoblepas is moderately wounded.
The catoblepas gores you!!
You hit the catoblepas.
Lightning courses through the catoblepas!!
The catoblepas is heavily wounded.
The catoblepas gores you!
You feel much better. The catoblepas gores you!!
You feel much better. The catoblepas gores you!!
* * * LOW HITPOINT WARNING * * *
You feel much better. The catoblepas gores you.
Your magical contamination has completely faded away.
Aiming: Sandblast (safe; 1% risk of failure)
Press: ? - help, Q - select action, (/) - cycle Shift-Dir - straight line, f/p - catoblepas
Aim: a catoblepas (heavily wounded, 100% to hit)
The blast of sand hits the catoblepas!
The catoblepas is severely wounded.
The catoblepas gores you!
It was a potion of curing.
You feel better. The catoblepas gores you!!
* * * LOW HITPOINT WARNING * * *
You hit the catoblepas but do no damage.
You bite the catoblepas, but do no damage.
The catoblepas is severely wounded.
The catoblepas gores you!!
You die...

#..........#
#..........#
#..........#
#..........#
#..........#
#[.........#
###.########
#Y# #@# #..#
#.## #. ..
.## . .


You could see a catoblepas.

Vanquished Creatures
  Harold (D:8)
  A two-headed ogre (D:10)
  Maurice (D:8)
  Maggie (D:6)
  A troll (D:10)
  Grinder (D:3)
  3 yaks (D:8)
  A basilisk (D:13)
  2 wyverns
  Edmund (D:6)
  Duvessa (D:7)
  2 water moccasins
  3 sky beasts
  A black bear (D:5)
  An orc warrior (D:9)
  2 ice beasts
  A necrophage (D:6)
  2 ogres
  A kobold brigand (D:7)
  2 scorpions (D:6)
  4 bullfrogs
  A water moccasin zombie (D:4)
  Dowan (D:7)
  4 wights (D:7)
  A bullfrog zombie (D:5)
  2 jellies (D:6)
  2 centaur skeletons
  4 hounds
  4 orc priests
  2 iguanas
  3 orc wizards (D:9)
  A killer bee zombie (D:9)
  A hound zombie (D:5)
  2 hound skeletons
  3 gnolls (D:6)
  11 adders
  3 white imps
  3 ufetubi (D:5)
  2 worms
  6 dart slugs
  31 orcs
  7 ball pythons
  3 bats
  3 endoplasms
  4 giant cockroaches
  6 hobgoblins
  10 jackals (D:2)
  14 kobolds
  4 quokkas
  3 frilled lizards
  9 goblins
  6 rats
189 creatures vanquished.

Vanquished Creatures (others)
  6 bushes (D:6)
  A plant (D:2)
7 creatures vanquished.

Grand Total: 196 creatures vanquished

Notes
Turn   | Place    | Note
-------+----------+-------------------------------------------
     0 | D:1      | robertstho the Gnoll Earth Elementalist began the quest for
                  | the Orb.
     0 | D:1      | Reached XP level 1. HP: 13/13 MP: 6/6
   419 | D:1      | Reached XP level 2. HP: 19/19 MP: 7/7
   809 | D:1      | Found a faded altar of an unknown god.
  1250 | D:2      | Reached XP level 3. HP: 9/25 MP: 7/9
  1251 | D:2      | Reached skill level 5 in Spellcasting
  1510 | D:2      | Reached skill level 1 in Invocations
  1889 | D:2      | Reached skill level 1 in Fighting
  1889 | D:2      | Reached skill level 1 in Short Blades
  1889 | D:2      | Reached skill level 1 in Long Blades
  1889 | D:2      | Reached skill level 1 in Axes
  1889 | D:2      | Reached skill level 1 in Maces & Flails
  1889 | D:2      | Reached skill level 1 in Polearms
  1889 | D:2      | Reached skill level 1 in Staves
  1889 | D:2      | Reached skill level 1 in Slings
  1889 | D:2      | Reached skill level 1 in Bows
  1889 | D:2      | Reached skill level 1 in Crossbows
  1889 | D:2      | Reached skill level 1 in Throwing
  1889 | D:2      | Reached skill level 1 in Armour
  1889 | D:2      | Reached skill level 1 in Shields
  1889 | D:2      | Reached skill level 1 in Unarmed Combat
  1889 | D:2      | Reached skill level 1 in Evocations
  1952 | D:2      | Found a sparkling altar of Nemelex Xobeh.
  1971 | D:2      | Reached XP level 4. HP: 11/32 MP: 9/11
  2429 | D:2      | Learned a level 2 spell: Passwall
  2433 | D:2      | Learned a level 3 spell: Stone Arrow
  2438 | D:2      | Learned a level 4 spell: Petrify
  3131 | D:3      | Reached skill level 1 in Conjurations
  3131 | D:3      | Reached skill level 1 in Hexes
  3131 | D:3      | Reached skill level 1 in Summonings
  3131 | D:3      | Reached skill level 1 in Necromancy
  3131 | D:3      | Reached skill level 1 in Translocations
  3131 | D:3      | Reached skill level 1 in Fire Magic
  3131 | D:3      | Reached skill level 1 in Ice Magic
  3131 | D:3      | Reached skill level 1 in Air Magic
  3131 | D:3      | Reached skill level 1 in Poison Magic
  3378 | D:3      | Reached XP level 5. HP: 37/37 MP: 7/12
  4050 | D:3      | Noticed Grinder
  4062 | D:3      | Killed Grinder
  4063 | D:3      | Reached skill level 5 in Dodging
  4063 | D:3      | Reached XP level 6. HP: 33/44 MP: 8/14
  4396 | D:4      | Found a staircase to the Ecumenical Temple.
  4604 | Temple   | Entered the Ecumenical Temple
  4728 | Temple   | Became a worshipper of Vehumet
  4831 | D:4      | Reached XP level 7. HP: 39/50 MP: 15/15
  5508 | D:5      | Entered Level 5 of the Dungeon
  5700 | D:5      | Reached skill level 5 in Stealth
  6123 | D:5      | Reached XP level 8. HP: 22/57 MP: 14/16
  6257 | D:5      | Noticed a two-headed ogre
  6644 | D:5      | Reached * piety under Vehumet
  6644 | D:5      | Offered knowledge of Foxfire by Vehumet.
  7653 | D:6      | Noticed Edmund
  7878 | D:6      | Killed Edmund
  7952 | D:6      | Reached XP level 9. HP: 53/65 MP: 10/18
  8355 | D:6      | Noticed Maggie
  8369 | D:6      | Killed Maggie
  8895 | D:6      | Learned a level 2 spell: Blink
  9174 | D:7      | Found a large runed translucent door.
  9174 | D:7      | Found a large runed translucent door.
  9430 | D:7      | Noticed Dowan
  9431 | D:7      | Noticed Duvessa
  9648 | D:7      | Killed Duvessa
  9653 | D:7      | Killed Dowan
  9914 | D:7      | Noticed BigPumpCobain's ghost (novice SpEn)
 10071 | D:7      | Reached skill level 5 in Invocations
 10249 | D:8      | Found Acriasmi's Armour Boutique.
 10252 | D:8      | Reached ** piety under Vehumet
 10252 | D:8      | Offered knowledge of Shock by Vehumet.
 10482 | D:8      | Noticed Maurice
 10482 | D:8      | Noticed Harold
 10490 | D:8      | Learned a level 3 spell: Swiftness
 10500 | D:8      | Killed Harold
 10501 | D:8      | Reached skill level 5 in Fighting
 10501 | D:8      | Reached skill level 5 in Short Blades
 10501 | D:8      | Reached skill level 5 in Long Blades
 10501 | D:8      | Reached skill level 5 in Axes
 10501 | D:8      | Reached skill level 5 in Maces & Flails
 10501 | D:8      | Reached skill level 5 in Polearms
 10501 | D:8      | Reached skill level 5 in Staves
 10501 | D:8      | Reached skill level 5 in Slings
 10501 | D:8      | Reached skill level 5 in Bows
 10501 | D:8      | Reached skill level 5 in Crossbows
 10501 | D:8      | Reached skill level 5 in Throwing
 10501 | D:8      | Reached skill level 5 in Armour
 10501 | D:8      | Reached skill level 5 in Shields
 10501 | D:8      | Reached skill level 5 in Unarmed Combat
 10501 | D:8      | Reached skill level 5 in Evocations
 10501 | D:8      | Reached XP level 10. HP: 54/74 MP: 10/20
 10507 | D:8      | Killed Maurice
 11869 | D:9      | Found a faded altar of an unknown god.
 11962 | D:9      | Reached skill level 5 in Transmutations
 12400 | D:10     | Entered Level 10 of the Dungeon
 12411 | D:10     | Noticed a two-headed ogre
 12417 | D:10     | Killed a two-headed ogre
 12561 | D:10     | You fall into a shaft and drop 3 floors!
 12561 | D:13     | Noticed a catoblepas
 12589 | D:13     | Mangled by a catoblepas

Illustrated notes

Levels and vault maps discovered:
D:1:      amcnicky_arrival_single_pillar, layout_basic,
          ebering_ecumenical_altar_ruins
D:2:      layout_basic, basic_altar, serial_forest, infiniplex_forest_corner_1,
          infiniplex_forest_end_1, infiniplex_forest_clump_small,
          infiniplex_forest_corner_1, infiniplex_forest_pool,
          infiniplex_forest_zigzag_1, dk_noncrumbling_2
D:3:      layout_basic, minmay_starry_boxes, uniq_grinder
D:4:      layout_basic, minmay_temple_entry_mini_moons
D:5:      minmay_razor_zed, layout_cave_pools
D:6:      minmay_recursive_quarters, layout_basic, kennysheep_minor_cross,
          minmay_hedge_maze, uniq_maggie, uniq_edmund
D:7:      layout_basic, ebering_ghost_disaster_area, uniq_duvessa
D:8:      layout_loops_corners, serial_shops,
          nicolae_shop_temple_entry_statues_fountains, uniq_maurice, uniq_harold
D:9:      layout_irregular_city, serial_column_ruins, column_ruins_hut_water,
          column_ruins_temple_circle, column_ruins_open_medium,
          column_ruins_columns_straight, column_ruins_grid_2,
          column_ruins_open_small, kennysheep_big_empty_room
D:10:     minmay_firetagon, layout_loops_ring, old_standard_altar,
          enter_trove_2, dk_noncrumbling_3
D:13:     layout_rooms, david_vaults_1, kennysheep_generic_room_13
Temple:   kilobyte_greek_temple

Skill      XL: |  1  2  3  4  5  6  7  8  9 10 |
---------------+-------------------------------+-----
Transmutations | 2 3 4 5 |  5.2
Spellcasting   | 5 6 7 |  7.6
Invocations    | 1 2 3 4 5 6 |  6.2
Fighting       | 1 2 3 5 |  5.6
Short Blades   | 1 2 3 5 |  5.6
Long Blades    | 1 2 3 5 |  5.6
Axes           | 1 2 3 5 |  5.6
Maces & Flails | 1 2 3 5 |  5.6
Polearms       | 1 2 3 5 |  5.6
Staves         | 1 2 3 5 |  5.6
Slings         | 1 2 3 5 |  5.6
Bows           | 1 2 3 5 |  5.6
Crossbows      | 1 2 3 5 |  5.6
Throwing       | 1 2 3 5 |  5.6
Armour         | 1 2 3 5 |  5.6
Shields        | 1 2 3 5 |  5.6
Unarmed Combat | 1 2 3 5 |  5.6
Evocations     | 1 2 3 5 |  5.6
Conjurations   | 1 2 3 4 |  4.6
Hexes          | 1 2 3 4 |  4.6
Summonings     | 1 2 3 4 |  4.6
Necromancy     | 1 2 3 4 |  4.6
Translocations | 1 2 3 4 |  4.6
Fire Magic     | 1 2 3 4 |  4.6
Ice Magic      | 1 2 3 4 |  4.6
Air Magic      | 1 2 3 4 |  4.6
Poison Magic   | 1 2 3 4 |  4.6
Dodging        | 5 6 7 |  7.3
Stealth        | 5 6 7 |  7.1
Earth Magic    | 6 7 |  7.3

Action                   |  1- 3 |  4- 6 |  7- 9 | 10-12 || total
-------------------------+-------+-------+-------+-------++-------
Melee: Dagger            |    76 |    90 |   248 |       ||   414
       Unarmed           |     1 |       |       |       ||     1
       Bite              |    13 |    10 |    32 |     2 ||    57
       Punch             |       |     2 |     8 |       ||    10
       Short sword       |       |       |       |     8 ||     8
 Cast: Sandblast         |    30 |    64 |    41 |    26 ||   161
       Stone Arrow       |       |       |    59 |    34 ||    93
Evoke: Wand              |       |       |     6 |     2 ||     8
  Use: Scroll            |       |     3 |     3 |     1 ||     7
       Potion            |       |       |       |     4 ||     4
 Stab: Sleeping          |     7 |     4 |     6 |     2 ||    19
Armor: Robe              |    10 |    23 |       |       ||    33
       Leather armour    |       |     6 |    84 |     3 ||    93
Dodge: Dodged            |    48 |    97 |   179 |    12 ||   336
